DBL
SAN DIEGO PADRES @ MONTREAL EXPOS
05/23/1997
 
TOP OF THE 1ST
San Diego Padres batting - Pitching for Montreal Expos : LHP Chris Nabholz
Pitching: LHP Chris Nabholz
Batting: SHB Mark Whiten 0-0: Foul Ball, location: 2F
0-1: Called Strike
0-2: Ball
1-2: Strikes out swinging
Batting: RHB Craig Grebeck 0-0: Called Strike
0-1: Foul Ball, location: 2F
0-2: DOUBLE (Line Drive, 78M, EV 113.8 MPH)
Batting: RHB Manny Ramirez 0-0: Ball
1-0: Fly out, F4 (Line Drive, 4, EV 63.8 MPH)
Batting: RHB Jeff Conine 0-0: Foul Ball, location: 2F
0-1: Foul Ball, location: 2F
0-2: Ball
1-2: Ground out 6-3 (Groundball, 6, EV 100.0 MPH)
Top of the 1st over - 0 runs, 1 hit, 0 errors, 1 left on base; San Diego 0 - Montreal 0
BOTTOM OF THE 1ST
Montreal Expos batting - Pitching for San Diego Padres : LHP Mark Langston
Pitching: LHP Mark Langston
Batting: SHB Ricky Otero 0-0: Ground out 4-3 (Groundball, 4, EV 104.4 MPH)
Batting: SHB Gregg Jefferies 0-0: Ball
1-0: Ball
2-0: Called Strike
2-1: SINGLE (Line Drive, 34D, EV 99.4 MPH)
Batting: RHB Matt Williams 0-0: Called Strike
0-1: Ball
1-1: Foul Ball, location: 2F
1-2: Strikes out swinging
Batting: RHB Raul Mondesi 0-0: Ball
1-0: Ball
2-0: Called Strike
2-1: Swinging Strike
2-2: Reached on error, E6 (Line Drive, 6, EV 74.4 MPH)
Gregg Jefferies to second
Batting: RHB Jeff Kent 0-0: Swinging Strike
0-1: Ball
1-1: Fly out, F7 (Line Drive, 7, EV 99.4 MPH)
Bottom of the 1st over - 0 runs, 1 hit, 1 error, 2 left on base; San Diego 0 - Montreal 0
TOP OF THE 2ND
San Diego Padres batting - Pitching for Montreal Expos : LHP Chris Nabholz
Batting: RHB Jose Canseco 0-0: Called Strike
0-1: Swinging Strike
0-2: Strikes out swinging
Batting: RHB Geronimo Berroa 0-0: Called Strike
0-1: Called Strike
0-2: Foul Ball, location: 2F
0-2: Ground out 6-3 (Groundball, 6, EV 103.1 MPH)
Batting: SHB Mark Bellhorn 0-0: Ball
1-0: Foul Ball, location: 2F
1-1: Foul Ball, location: 2F
1-2: Foul Ball, location: 2F
1-2: Ball
2-2: Ball
3-2: Base on Balls
Batting: RHB Carlos Quintana 0-0: Ball
1-0: Called Strike
1-1: Ball
2-1: Ground out 4-3 (Groundball, 3D, EV 93.1 MPH)
Top of the 2nd over - 0 runs, 0 hits, 0 errors, 1 left on base; San Diego 0 - Montreal 0
BOTTOM OF THE 2ND
Montreal Expos batting - Pitching for San Diego Padres : LHP Mark Langston
Batting: RHB Mike Sweeney 0-0: Called Strike
0-1: Fly out, F9 (Flyball, 9S, EV 81.9 MPH)
Batting: RHB John Jaha 0-0: Swinging Strike
0-1: Called Strike
0-2: Ball
1-2: SINGLE (Groundball, 6MD, EV 98.8 MPH)
Batting: RHB Leo Gomez 0-0: Ball
1-0: Ball
2-0: Foul Ball, location: 2F
2-1: Foul Ball, location: 2F
2-2: Foul Ball, location: 2F
2-2: Foul Ball, location: 2F
2-2: Ball
3-2: Fly out, F9 (Flyball, 9D, EV 108.1 MPH)
Batting: RHB Jose Hernandez 0-0: Called Strike
0-1: Ball
1-1: Ball
2-1: Called Strike
2-2: Strikes out swinging
Bottom of the 2nd over - 0 runs, 1 hit, 0 errors, 1 left on base; San Diego 0 - Montreal 0
TOP OF THE 3RD
San Diego Padres batting - Pitching for Montreal Expos : LHP Chris Nabholz
Batting: LHB Ed Taubensee 0-0: Foul Ball, location: 2F
0-1: Called Strike
0-2: Strikes out swinging
Batting: SHB Mark Whiten 0-0: Called Strike
0-1: Fly out, F9 (Flyball, 9, EV 78.1 MPH)
Batting: RHB Craig Grebeck 0-0: Foul Ball, location: 2F
0-1: Ball
1-1: Called Strike
1-2: SINGLE (Line Drive, 7LS, EV 98.8 MPH)
Batting: RHB Manny Ramirez 0-0: Fly out, F8 (Flyball, 8RS, EV 79.4 MPH)
Top of the 3rd over - 0 runs, 1 hit, 0 errors, 1 left on base; San Diego 0 - Montreal 0
BOTTOM OF THE 3RD
Montreal Expos batting - Pitching for San Diego Padres : LHP Mark Langston
Batting: SHB Ricky Otero 0-0: Ball
1-0: Ground out 4-3 (Groundball, 4S, EV 73.8 MPH)
Batting: SHB Gregg Jefferies 0-0: Called Strike
0-1: Ball
1-1: Ball
2-1: Ball
3-1: SINGLE (Groundball, 56D, EV 110.0 MPH)
Batting: RHB Matt Williams 0-0: Ball
1-0: Called Strike
1-1: Ball
2-1: Foul Ball, location: 2F
2-2: Strikes out looking
Batting: RHB Raul Mondesi 0-0: Called Strike
0-1: Ball
1-1: Fly out, F7 (Flyball, 7, EV 86.3 MPH)
Bottom of the 3rd over - 0 runs, 1 hit, 0 errors, 1 left on base; San Diego 0 - Montreal 0
TOP OF THE 4TH
San Diego Padres batting - Pitching for Montreal Expos : LHP Chris Nabholz
Batting: RHB Jeff Conine 0-0: Ball
1-0: Called Strike
1-1: Ball
2-1: Swinging Strike
2-2: Foul Ball, location: 2F
2-2: Ground out 4-3 (Groundball, 4M, EV 105.0 MPH)
Batting: RHB Jose Canseco 0-0: Ball
1-0: Swinging Strike
1-1: Foul Ball, location: 2F
1-2: Ground out 6-3 (Groundball, 6, EV 80.6 MPH)
Batting: RHB Geronimo Berroa 0-0: Swinging Strike
0-1: Ball
1-1: Swinging Strike
1-2: Foul Ball, location: 2F
1-2: Foul Ball, location: 2F
1-2: Ball
2-2: SINGLE (Groundball, 56D, EV 101.9 MPH)
Batting: SHB Mark Bellhorn 0-0: Ball
1-0: Ball
2-0: Called Strike
2-1: Foul Ball, location: 2F
2-2: Ball
3-2: Strikes out swinging
Top of the 4th over - 0 runs, 1 hit, 0 errors, 1 left on base; San Diego 0 - Montreal 0
BOTTOM OF THE 4TH
Montreal Expos batting - Pitching for San Diego Padres : LHP Mark Langston
Batting: RHB Jeff Kent 0-0: Ball
1-0: Called Strike
1-1: Foul Ball, location: 2F
1-2: Ball
2-2: SINGLE (Groundball, 6, EV 91.3 MPH) (infield hit)
Batting: RHB Mike Sweeney 0-0: Called Strike
0-1: Swinging Strike
0-2: SINGLE (Groundball, 56D, EV 103.8 MPH)
Jeff Kent to second
Batting: RHB John Jaha 0-0: Foul Ball, location: 2F
0-1: Fly out, F9 (Flyball, 9LMF, EV 95.6 MPH)
Runner from 2nd tags up, SAFE at 3rd, no throw by RF
Batting: RHB Leo Gomez 0-0: Called Strike
0-1: Ball
1-1: Ball
2-1: Foul Ball, location: 2F
2-2: Strikes out looking
Batting: RHB Jose Hernandez 0-0: Fly out, F2 (Popup, 23F, EV 80.0 MPH)
Bottom of the 4th over - 0 runs, 2 hits, 0 errors, 2 left on base; San Diego 0 - Montreal 0
TOP OF THE 5TH
San Diego Padres batting - Pitching for Montreal Expos : LHP Chris Nabholz
Batting: RHB Carlos Quintana 0-0: Swinging Strike
0-1: Ball
1-1: Ball
2-1: SINGLE (Flyball, 7LS, EV 86.3 MPH)
Batting: LHB Ed Taubensee 0-0: Called Strike
0-1: Ball
1-1: SINGLE (Line Drive, 78S, EV 105.0 MPH)
Carlos Quintana to second
Batting: SHB Mark Whiten 0-0: Called Strike
0-1: Ball
1-1: SINGLE (Flyball, 9LM, EV 90.6 MPH)
Carlos Quintana to third
Ed Taubensee to second
Batting: RHB Craig Grebeck 0-0: SINGLE (Line Drive, 34D, EV 102.5 MPH)
Carlos Quintana scores
Ed Taubensee to third
Mark Whiten to second
Batting: RHB Manny Ramirez 0-0: Called Strike
0-1: Fly out, F8 (Flyball, 8LXD, EV 106.3 MPH)
Runner from 3rd tags up, SCORES, no throw by CF
Mark Whiten to third
Batting: RHB Jeff Conine 0-0: Called Strike
0-1: Foul Ball, location: 2F
0-2: Ball
1-2: Fly out, F9 (Flyball, 9, EV 95.0 MPH)
Runner from 3rd tags up, SCORES, throw by RF
Batting: RHB Jose Canseco 0-0: Ball
1-0: Ball
2-0: Foul Ball, location: 2F
2-1: Foul Ball, location: 2F
2-2: Strikes out swinging
Top of the 5th over - 3 runs, 4 hits, 0 errors, 1 left on base; San Diego 3 - Montreal 0
BOTTOM OF THE 5TH
Montreal Expos batting - Pitching for San Diego Padres : LHP Mark Langston
Batting: SHB Ricky Otero 0-0: Ball
1-0: Swinging Strike
1-1: Ground out 6-3 (Groundball, 6, EV 80.0 MPH)
Batting: SHB Gregg Jefferies 0-0: Called Strike
0-1: Fly out, F9 (Flyball, 9LS, EV 93.1 MPH)
Batting: RHB Matt Williams 0-0: Ball
1-0: Foul Ball, location: 2F
1-1: Foul Ball, location: 2F
1-2: Foul Ball, location: 2F
1-2: Ball
2-2: SINGLE (Line Drive, 9S, EV 89.4 MPH)
Batting: RHB Raul Mondesi 0-0: Called Strike
0-1: Ball
1-1: Swinging Strike
1-2: Fly out, F4 (Popup, 23, EV 87.5 MPH)
Bottom of the 5th over - 0 runs, 1 hit, 0 errors, 1 left on base; San Diego 3 - Montreal 0
TOP OF THE 6TH
San Diego Padres batting - Pitching for Montreal Expos : LHP Chris Nabholz
Batting: RHB Geronimo Berroa 0-0: Ball
1-0: Foul Ball, location: 2F
1-1: SINGLE (Groundball, 34D, EV 105.0 MPH)
Batting: SHB Mark Bellhorn 0-0: Ball
1-0: Sac Bunt to 25 - play at first, batter OUT! 5-4
Geronimo Berroa to second
Batting: RHB Carlos Quintana 0-0: Swinging Strike
0-1: Foul Ball, location: 2F
0-2: Ball
1-2: Fly out, F9 (Flyball, 9LMF, EV 103.8 MPH)
Batting: LHB Ed Taubensee 0-0: Fly out, F8 (Line Drive, 8LD, EV 85.0 MPH)
Top of the 6th over - 0 runs, 1 hit, 0 errors, 1 left on base; San Diego 3 - Montreal 0
BOTTOM OF THE 6TH
Montreal Expos batting - Pitching for San Diego Padres : LHP Mark Langston
Batting: RHB Jeff Kent 0-0: Swinging Strike
0-1: Ball
1-1: Called Strike
1-2: Ball
2-2: Foul Ball, location: 2F
2-2: Foul Ball, location: 2F
2-2: Foul Ball, location: 2F
2-2: Ball
3-2: Foul Ball, location: 2F
3-2: Foul Ball, location: 2F
3-2: Fly out, F9 (Flyball, 9D, EV 101.9 MPH)
Batting: RHB Mike Sweeney 0-0: Ball
1-0: Ball
2-0: Called Strike
2-1: Ball
3-1: Base on Balls
Batting: RHB John Jaha 0-0: Ball
1-0: Foul Ball, location: 2F
1-1: Foul Ball, location: 2F
1-2: Foul Ball, location: 2F
1-2: Strikes out looking
Batting: RHB Leo Gomez 0-0: Ball
1-0: Foul Ball, location: 2F
1-1: Foul Ball, location: 2F
1-2: Ball
2-2: Foul Ball, location: 2F
2-2: Ball
3-2: Base on Balls
Mike Sweeney to second
Batting: RHB Jose Hernandez 0-0: Ball
1-0: Called Strike
1-1: Called Strike
1-2: Fly out, F8 (Flyball, 89D, EV 105.0 MPH)
Bottom of the 6th over - 0 runs, 0 hits, 0 errors, 2 left on base; San Diego 3 - Montreal 0
TOP OF THE 7TH
San Diego Padres batting - Pitching for Montreal Expos : LHP Chris Nabholz
Batting: SHB Mark Whiten 0-0: Called Strike
0-1: Ground out U3 (Groundball, 34S, EV 71.3 MPH)
Batting: RHB Craig Grebeck 0-0: Ball
1-0: Ball
2-0: Called Strike
2-1: Ball
3-1: Called Strike
3-2: SOLO HOME RUN (Flyball, 7D, EV 97.5 MPH), Distance : 375 ft
Batting: RHB Manny Ramirez 0-0: Fly out, F7 (Flyball, 78S, EV 96.3 MPH)
Batting: RHB Jeff Conine 0-0: Called Strike
0-1: Ground out 5-3 (Groundball, 5S, EV 83.8 MPH)
Top of the 7th over - 1 run, 1 hit, 0 errors, 0 left on base; San Diego 4 - Montreal 0
BOTTOM OF THE 7TH
Montreal Expos batting - Pitching for San Diego Padres : LHP Mark Langston
Batting: SHB Ricky Otero 0-0: Ball
1-0: SINGLE (Groundball, 34D, EV 95.0 MPH)
Pitching: RHP Stan Belinda
Batting: SHB Gregg Jefferies 0-0: Ball
1-0: Ball
2-0: SINGLE (Groundball, 56D, EV 94.4 MPH)
Ricky Otero to second
Batting: RHB Matt Williams 0-0: Fly out, F3 (Popup, 3L, EV 68.8 MPH)
Batting: RHB Raul Mondesi 0-0: Ball
1-0: Ball
2-0: Called Strike
2-1: Called Strike
2-2: Strikes out swinging
Batting: RHB Jeff Kent 0-0: Ball
1-0: Swinging Strike
1-1: Called Strike
1-2: Ball
2-2: Foul Ball, location: 2F
2-2: Ball
3-2: Foul Ball, location: 2F
3-2: Fly out, F8 (Flyball, 8RXD, EV 90.6 MPH)
Bottom of the 7th over - 0 runs, 2 hits, 0 errors, 2 left on base; San Diego 4 - Montreal 0
TOP OF THE 8TH
San Diego Padres batting - Pitching for Montreal Expos : LHP Chris Nabholz
Batting: RHB Jose Canseco 0-0: Ball
1-0: Foul Ball, location: 2F
1-1: Foul Ball, location: 2F
1-2: Hit by Pitch
Batting: RHB Geronimo Berroa 0-0: Foul Ball, location: 2F
0-1: Ball
1-1: Ball
2-1: Fielders Choice at 2nd, 6-4 (Groundball, 6MS, EV 88.1 MPH)
Pitching: RHP Bobby Munoz
Batting: SHB Mark Bellhorn 0-0: Called Strike
0-1: Ball
1-1: Foul Ball, location: 2F
1-2: Foul Ball, location: 2F
1-2: Ball
2-2: Ball
3-2: Foul Ball, location: 2F
3-2: Fly out, F8 (Flyball, 78XD, EV 75.0 MPH)
Batting: RHB Carlos Quintana 0-0: Ball
1-0: Ball
2-0: SINGLE (Groundball, 56D, EV 104.4 MPH)
Geronimo Berroa to second
Batting: LHB Ed Taubensee 0-0: Called Strike
0-1: Ball
1-1: Ground out 3-1 (Groundball, 34, EV 87.5 MPH)
Top of the 8th over - 0 runs, 1 hit, 0 errors, 2 left on base; San Diego 4 - Montreal 0
BOTTOM OF THE 8TH
Montreal Expos batting - Pitching for San Diego Padres : RHP Stan Belinda
Now at C: Cesar Devarez
Now in CF: Jim Edmonds
Batting: RHB Mike Sweeney 0-0: Called Strike
0-1: Foul Ball, location: 2F
0-2: Strikes out swinging
Batting: RHB John Jaha 0-0: Swinging Strike
0-1: Foul Ball, location: 2F
0-2: Strikes out looking
Batting: RHB Leo Gomez 0-0: Ball
1-0: Foul Ball, location: 2F
1-1: Called Strike
1-2: Ball
2-2: Strikes out looking
Bottom of the 8th over - 0 runs, 0 hits, 0 errors, 0 left on base; San Diego 4 - Montreal 0
TOP OF THE 9TH
San Diego Padres batting - Pitching for Montreal Expos : RHP Bobby Munoz
Batting: SHB Mark Whiten 0-0: Ball
1-0: Called Strike
1-1: Foul Ball, location: 2F
1-2: Strikes out swinging
Batting: RHB Craig Grebeck 0-0: Swinging Strike
0-1: Ball
1-1: Swinging Strike
1-2: Foul Ball, location: 2F
1-2: Ball
2-2: Ground out 6-3 (Groundball, 4M, EV 82.5 MPH)
Batting: RHB Manny Ramirez 0-0: Ball
1-0: Ball
2-0: Swinging Strike
2-1: Called Strike
2-2: Ball
3-2: Fly out, F9 (Line Drive, 9, EV 95.0 MPH)
Top of the 9th over - 0 runs, 0 hits, 0 errors, 0 left on base; San Diego 4 - Montreal 0
BOTTOM OF THE 9TH
Montreal Expos batting - Pitching for San Diego Padres : RHP Stan Belinda
Batting: RHB Jose Hernandez 0-0: SINGLE (Groundball, 56D, EV 100.6 MPH)
Batting: SHB Ricky Otero 0-0: Called Strike
0-1: Ball
1-1: Called Strike
1-2: Fly out, F7 (Flyball, 78D, EV 88.8 MPH)
Batting: SHB Gregg Jefferies 0-0: DOUBLE (Flyball, 8LXD, EV 100.0 MPH)
Jose Hernandez to third
Jose Hernandez scores
Batting: RHB Matt Williams 0-0: SINGLE (Line Drive, 56D, EV 103.8 MPH)
Gregg Jefferies to third
Pitching: RHP Robb Nen
Batting: RHB Raul Mondesi 0-0: Ball
1-0: Foul Ball, location: 2F
1-1: Ball
2-1: Swinging Strike
2-2: Foul Ball, location: 2F
2-2: Foul Ball, location: 2F
2-2: Strikes out swinging
Batting: RHB Jeff Kent 0-0: Ball
1-0: Fielders Choice at 2nd, 6-4 (Groundball, 6, EV 106.9 MPH)
Bottom of the 9th over - 1 run, 3 hits, 0 errors, 2 left on base; San Diego 4 - Montreal 1
Friday, February 13th, 2026 - OOTP Baseball 20.8 Build 74